 Dungeon Crawl Stone Soup version 0.27-a0-860-gaf99fae3ca (webtiles) character file.

Game seed: 14585465706358556146

32 CylonOven the Chopper (level 3, -1/33 HPs)
             Began as a Hill Orc Monk on Mar 31, 2021.
             Slain by a ball python (3 damage)
             ... on level 2 of the Dungeon on Apr 1, 2021.
             The game lasted 00:05:19 (1885 turns).

CylonOven the Chopper (Hill Orc Monk)               Turns: 1885, Time: 00:05:20

Health: -1/33      AC:  3    Str: 14    XL:     3   Next: 25%
Magic:  3/3        EV:  9    Int: 10    God:
Gold:   62         SH:  0    Dex: 13    Spells: 2/2 levels left

rFire    . . .     SeeInvis .   a - +0 hand axe
rCold    . . .     Faith    .   (no shield)
rNeg     . . .     Spirit   .   e - +0 leather armour
rPois    .         Reflect  .   (no helmet)
rElec    .         Harm     .   (no cloak)
rCorr    .         Rampage  .   (no gloves)
Will     .....                  (no boots)
Stlth    ++........             (no amulet)
HPRegen  0.11/turn              (no ring)
MPRegen  0.08/turn              (no ring)

@: constricted
A: no striking features
a: no special abilities


You were on level 2 of the Dungeon.
You visited 1 branch of the dungeon, and saw 2 of its levels.

You collected 62 gold pieces.

Inventory:

Hand Weapons
 a - a +0 hand axe (weapon)
Armour
 b - a +0 robe
 e - a +0 leather armour (worn)
Scrolls
 c - 2 scrolls of enchant weapon {unknown}
 d - 2 scrolls of teleportation {unknown}
 g - a scroll of torment {unknown}
 h - a scroll of enchant armour {unknown}
 i - a scroll of magic mapping {unknown}
Potions
 f - a potion of attraction {unknown}


   Skills:
 + Level 4.2 Fighting
 + Level 4.7 Axes
 + Level 0.4 Armour
 - Level 2.6 Dodging
 - Level 1.5 Stealth


You had 2 spell levels left.
You didn't know any spells.
Your spell library contained the following spells:

 Spells                   Type           Power      Damage    Failure   Level
 Confusing Touch          Hex            0%         N/A       82%         3
 Gell's Gravitas          Tloc           0%         N/A       82%         3
 Petrify                  Tmut/Erth      0%         N/A       99%         4
 Metabolic Englaciation   Hex/Ice        0%         N/A       100%        5
 Yara's Violent Unravell  Hex/Tmut       0%         3d3       100%        5


Dungeon Overview and Level Annotations

Branches:
Dungeon (2/15)

Altars:


Message History

The ball python bites you but does no damage.
The ball python bites you. The ball python constricts you.
The ball python bites you but does no damage.
The ball python closely misses you. The ball python constricts you.
The ball python closely misses you.
The ball python bites you but does no damage.
The ball python constricts you.
The ball python bites you but does no damage.
The ball python bites you. The ball python constricts you.
The ball python bites you.
The ball python bites you but does no damage.
The ball python constricts you.
The ball python bites you but does no damage.
The ball python bites you but does no damage.
* * * LOW HITPOINT WARNING * * *
The ball python constricts you.
The ball python bites you but does no damage.
The ball python barely misses you. The ball python constricts you.
The ball python closely misses you.
The ball python bites you but does no damage.
The ball python constricts you.
The ball python bites you but does no damage.
The ball python bites you.
* * * LOW HITPOINT WARNING * * *
The ball python constricts you. The ball python completely misses you.
The ball python bites you but does no damage.
* * * LOW HITPOINT WARNING * * *
The ball python constricts you. The ball python bites you.
* * * LOW HITPOINT WARNING * * *
The ball python bites you.
* * * LOW HITPOINT WARNING * * *
The ball python constricts you. The ball python closely misses you.
The ball python barely misses you.
* * * LOW HITPOINT WARNING * * *
The ball python constricts you. The ball python closely misses you.
The ball python bites you.
* * * LOW HITPOINT WARNING * * *
The ball python constricts you. The ball python bites you.
You die...

######...#.......#
#.................##
#............†.....#####
#...$..............##...
#..................##...
#..........####.##......
#..........# #.#####...
#..........# #.# . #...
#.....S@...# #.# #.#.##
#.....S....# #...#.#.##
>...........+ ..........
##..........# #...#.#...
.....######## #.........
..... ..###.##. .... #.
...#<. ... # #.######
... #


You could see 2 ball pythons.

Vanquished Creatures
  An adder (D:2)
  3 ball pythons
  2 bats (D:1)
  An endoplasm (D:1)
  4 goblins (D:1)
  4 hobgoblins
  2 jackals (D:1)
  A quokka (D:1)
  A rat (D:1)
19 creatures vanquished.

Notes
Turn   | Place    | Note
-------+----------+-------------------------------------------
     0 | D:1      | CylonOven the Hill Orc Monk began the quest for the Orb.
     0 | D:1      | Reached XP level 1. HP: 19/19 MP: 1/1
   227 | D:1      | Reached XP level 2. HP: 21/27 MP: 2/2
   239 | D:1      | HP: 1/27 [goblin/+0 club (4)]
  1140 | D:1      | Upgraded the game from 0.27-a0-830-ga1c911b16d to
                  | 0.27-a0-860-gaf99fae3ca
  1844 | D:2      | Reached XP level 3. HP: 33/33 MP: 3/3
  1885 | D:2      | Slain by a ball python

Illustrated notes

Levels and vault maps discovered:
D:1:      minmay_arrival_shoal_huts, layout_rooms
D:2:      minmay_razor_zed, layout_basic, basic_ecumenical_altar

Skill      XL: |  1  2 |
---------------+-------+-----
Fighting       | 4 |  4.2
Axes           | |  4.7
Armour         | |  0.4
Dodging        | |  2.6
Stealth        | |  1.5

Action                   || total
-------------------------++-------
Melee: Hand axe          ||    87
Armor: Robe              ||     6
       Leather armour    ||    46
Dodge: Dodged            ||   114

Table legend: (Time is in decaauts)
 A = Elapsed time spent in this place.
 B = Non-inter-level travel time spent in this place.
 C = Inter-level travel time spent in this place.
 D = Time resting spent in this place.
 E = Time spent auto-exploring this place.
 F = Levels seen in this place.
 G = Mean time per level.
                   A        B        C        D        E       F      G
               +--------+--------+--------+--------+--------+-----+--------+
         Total |   1898 |   1898 |      0 |    957 |    563 |   2 |  949.0 |
       Dungeon |   1898 |   1898 |      0 |    957 |    563 |   2 |  949.0 |
               +--------+--------+--------+--------+--------+-----+--------+

Top non-repeatable levels by time:
     D:1: 1616 daAuts
     D:2: 282 daAuts
